[Event "Championnat du monde jeunes U10"]
[Date "2024.11.17"]
[White "Gim, Hajin"]
[Black "Orsi, Andrea"]
[WhiteElo "1603"]
[BlackElo "1728"]
[Round "3.6"]
[Result "1-0"]
[TimeControl "5400+30"]

1. e4 e5 2. Nc3 Nf6 3. f4 d6 4. Nf3 Nbd7 5. Bc4 Be7 6. d3 O-O 7. f5 c6 8. g4 Nxg4 9. Rg1 Bh4+ 10. Ke2 h5 11. h3 Qb6 12. Qf1 Bf2 13. Rh1 Ndf6 14. hxg4 Nxg4 15. Rxh5 Be3 16. Qh3 1-0

[Variant "Standard"]
[Site "Europe Echecs"]

[Event "Championnat du monde jeunes U10"]
[Date "2024.11.17"]
[White "Thorulsley, Kairaav"]
[Black "Nikitakis, Michail"]
[WhiteElo "1520"]
[BlackElo "1818"]
[Round "3.9"]
[Result "0-1"]
[TimeControl "5400+30"]

1. d4 Nf6 2. Nc3 d5 3. Bf4 a6 4. e3 Bf5 5. f3 e6 6. g4 Bg6 7. h4 h6 8. Bd3 Bxd3 9. Qxd3 c5 10. dxc5 Bxc5 11. O-O-O Nc6 12. Nge2 Qa5 13. Kb1 b5 14. Nc1 Nd7 15. g5 Nde5 16. Qe2 Nc4 17. Nb3 Qb6 18. Rde1 Bb4 19. e4 O-O-O 20. exd5 Bxc3 21. bxc3 Rxd5 22.
g6 Rd7 23. gxf7 e5 24. Be3 Nxe3 25.
Qxe3 Rd1+ 26. Kb2 Qxe3 27. Rxe3 Rxh1 28.
Nc5 Na5 29. c4 Nxc4+ 30. Kc3 Nxe3 31.
Ne6 Nd5+ 32. Kd2 Rh2+ 33. Kc1 Kd7 34.
f8=Q Rxf8 35. Nxf8+ Ke7 36. Ng6+ Kf6 37. Nf8 Rxh4 38. Nd7+ Ke6 39. Nc5+ Kd6 40. Nxa6 Ra4 41. Kb2 Rxa6 42. Kb3 h5 43. Kb2 h4 44. Kc1 h3 45.
Kb2 h2 46. Kb1 h1=Q+ 47. Kb2 Rxa2+ 48.
Kxa2 Qc1 49. Kb3 Qb1+ 50. Ka3 Qb4+ 51.
Ka2 Nc3+ 52. Ka1 Qb1# 0-1

[Variant "Standard"]
[Site "Europe Echecs"]

[Event "Championnat du monde jeunes U10"]
[Date "2024.11.17"]
[White "Chkhartishvili, Lazare"]
[Black "Roth, Elai"]
[WhiteElo "1836"]
[BlackElo "1577"]
[Round "3.10"]
[Result "0-1"]
[TimeControl "5400+30"]

1. e4 c5 2. Nf3 e6 3. d4 cxd4 4. Nxd4 Nf6 5. Bd3 Nc6 6. Nxc6 dxc6 7. O-O e5 8. h3 Bc5 9. Nc3 Be6 10. Na4 Bd6 11. Be3 Qa5 12. c3 Rd8 13. b4 Qc7 14. Bxa7 Qe7 15. Bb6 Bc7 16. Bxc7 Qxc7 17. Qe2 O-O 18. Nc5 Bc8 19. Qe3 Rd6 20. Rfd1 Nh5 21. Be2 Nf4 22. Rxd6 Qxd6 23. Nd3 Nxe2+ 24. Qxe2 Be6 25. Nc5 b5 26. Rd1 Qe7 27. Nxe6 Qxe6 28. f3 h6 29. Kf2 Ra8 30. Rd2 Ra3 31. Rc2 Qd7 32. Ke3 Qd4# 0-1

[Variant "Standard"]
[Site "Europe Echecs"]

[Event "Championnat du monde jeunes U10"]
[Date "2024.11.17"]
[White "Yevsieiev, Yaroslav"]
[Black "Veber, Tibor"]
[WhiteElo "1706"]
[BlackElo "1532"]
[Round "3.11"]
[Result "1-0"]
[TimeControl "5400+30"]

1. e4 e5 2. Nf3 Nf6 3. Nxe5 d6 4. Nf3 Nxe4 5. c3 Be7 6. Qa4+ Kf8 7. Qxe4 Nc6 8. Bb5 Bd7 9. O-O g6 10. Re1 Ke8 11. d4 a6 12. Ba4 Bf5 13. Bxc6+ bxc6 14. Qxc6+ Bd7 15. Qe4 h5 16. Bg5 Be6 17. Bxe7 Qxe7 18. Qxa8+ 1-0

[Variant "Standard"]
[Site "Europe Echecs"]

[Event "Championnat du monde jeunes U10"]
[Date "2024.11.17"]
[White "Lenkov, Stanislav"]
[Black "Wu, Chenyu"]
[WhiteElo "1693"]
[BlackElo "1503"]
[Round "3.13"]
[Result "1-0"]
[TimeControl "5400+30"]

1. e4 e5 2. Nf3 Nc6 3. Bb5 a6 4. Ba4 Nf6 5. d3 b5 6. Bb3 d6 7. c3 Be7 8. h3 O-O 9. O-O Be6 10. Re1 h6 11. d4 exd4 12. cxd4 d5 13. e5 Ne4 14. Nc3 Nxc3 15. bxc3 Bf5 16. Bf4 Na5 17. Bc2 Bxc2 18. Qxc2 Nc4 19. Qf5 Rb8 20. Rab1 Rb6 21. Nd2 Nxd2 22. Bxd2 Qe8 23. f4 Bh4 24. Re3 Qd8 25. g3 Be7 26. Kh2 c5 27. Rf3 cxd4 28. cxd4 Rc6 29. Qd3 f5 30. Rff1 Rc4 31. Rfc1 Qa8 32. Rxc4 dxc4 33. Qe3 Rd8 34. Ba5 Rd7 35. e6 Rd5 36. Qf3 Qc6 37. Qe3 Qb7 38. a3 Qa7 39. Bc3 Bxa3 40. g4 fxg4 41. hxg4 Qe7 42. Kg3 b4 43. Bxb4 Bxb4 44. Rxb4 Rd6 45. Rb8+ Rd8 46. Rxd8+ Qxd8 47. e7 Qe8 48. Qe6+ Kh8 49. d5 Kh7 50. d6 Qb5 51. Qf5+ Qxf5 52. gxf5 c3 53. e8=Q c2 1-0

[Variant "Standard"]
[Site "Europe Echecs"]

[Event "Championnat du monde jeunes U10"]
[Date "2024.11.17"]
[White "Wang, Yuwei"]
[Black "Radovic, Koca"]
[WhiteElo "1576"]
[BlackElo "1626"]
[Round "3.14"]
[Result "1-0"]
[TimeControl "5400+30"]

1. d4 Nf6 2. c4 e5 3. e3 Bb4+ 4. Nc3 Bxc3+ 5. bxc3 exd4 6. cxd4 O-O 7. Bd3 d5 8. Nf3 Bg4 9. h3 Bh5 10. O-O Ne4 11. Ba3 Re8 12. g4 Bg6 13. Rc1 Nc6 14. cxd5 Qxd5 15. Bc4 Qd8 16. Bb5 Qd5 17. Qb3 Qxb3 18. axb3 Rab8 19. d5 a6 20. Ba4 b5 21. Rxc6 bxa4
22. bxa4 Rb3 23. Ra1 Nc3 24. Rxc7 Nxd5 25. Ra7 Bd3 26. Ne5 Be2 27. Nxf7 h6 28. Nd6 Rd8 29. Nf5 g6 30. Nxh6+ 1-0

[Variant "Standard"]
[Site "Europe Echecs"]

[Event "Championnat du monde jeunes U10"]
[Date "2024.11.17"]
[White "Czech, Emil"]
[Black "Radiukevich, Viacheslau"]
[WhiteElo "1608"]
[BlackElo "1484"]
[Round "3.16"]
[Result "1-0"]
[TimeControl "5400+30"]

1. e4 e5 2. Nf3 Nc6 3. d4 exd4 4. Nxd4 Nf6 5. Nc3 Bb4 6. Nxc6 bxc6 7. Bd3 d5 8. exd5 cxd5 9. O-O O-O 10. Bg5 c6 11. Re1 Be6 12. h3 Be7 13. Ne2 Ne4 14. Bxe7 Qxe7 15. Nd4 Qf6 16. Bxe4 dxe4 17. c3 c5 18. Nb3 Qg6 19. Kh1 c4 20. Nd4 f5 21. Nxe6 Qxe6 22. Qe2 Rae8 23. Rad1 Rd8 24. f4 Rxd1 25. Rxd1 e3 26. Kg1 Re8 27. Rd4 Kh8 28. Kf1 Rc8 29. Qf3 Re8 30. Rd5 e2+ 31. Ke1 Qb6 32. Re5 Qg1+ 33. Kxe2 Rd8 34. Qd5 Qb6 35. Qb5 Qg6 36. g4 fxg4 37. f5 Qf7 38. hxg4 Rg8 39. a4 Rf8 40. a5 g6 41. Re6 gxf5 42. Qe5+ Qg7 43. gxf5 Qxe5+ 44. Rxe5 Kg7 45. Ke3 Kf6 46. Kf4 Rc8 47. Re6+ Kf7 48. Ra6 Rb8 49. Rxa7+ Kg8 50. Ra6 Rxb2 51. Ra7 Ra2 52. a6 Ra3 53. Kg5 h5 54. Kf6 Kh8 55. Kg6 h4 1-0

[Variant "Standard"]
[Site "Europe Echecs"]

[Event "Championnat du monde jeunes U10"]
[Date "2024.11.17"]
[White "Park, Jaeik"]
[Black "Lee, Yugeon"]
[WhiteElo "1477"]
[BlackElo "1690"]
[Round "3.18"]
[Result "1-0"]
[TimeControl "5400+30"]

1. e4 e5 2. Nf3 Nc6 3. Bb5 a6 4. Ba4 Nf6 5. Qe2 b5 6. Bb3 Be7 7. O-O O-O 8. c3 d5 9. exd5 Nxd5 10. Nxe5 Nxe5 11. Qxe5 c6 12. d4 Bf6 13. Qg3 Re8 14. Nd2 Bh4 15. Qf3 Be6 16. Ne4 b4 17. Bd2 Be7 18. Ba4 Qd7 19. Bc2 bxc3 20. bxc3 Nf6 21. Rfc1 Bd5 22. Re1 Rab8 23. Nxf6+ Bxf6 24. Qd3 g6 25. a4 Qg4 26. Qg3 Qxg3 27. hxg3 Rxe1+ 28. Rxe1 Rb2 29. Bh6 Be6 30. Bd3 g5 31. Bc4 Bd7 32. Bxa6 Bd8 33. Bc8 Be6 34. Bxe6 fxe6
35. Rxe6 Kf7 36. Rxc6 Ra2 37. Ra6 Rc2 38. a5 Rxc3 39. Ra8 Be7 40. Ra7 Kg6 41. Rxe7 Kxh6 42. a6 Rc8 43. a7 Ra8 44. d5 Kg6 45. Kf1 h6 46. Ke2 Kf6 47. d6 Rd8 48. Re3 Ra8 49. d7 h5 50.
Re8 Rxe8+ 51. dxe8=Q Kg7 52. Qe7+ Kg8 53. a8=R# 1-0

[Variant "Standard"]
[Site "Europe Echecs"]

[Event "Championnat du monde jeunes U10"]
[Date "2024.11.17"]
[White "Vydra, David"]
[Black "Osmolovskii, Nikita"]
[WhiteElo "1615"]
[BlackElo "1468"]
[Round "3.19"]
[Result "1-0"]
[TimeControl "5400+30"]

1. e4 e5 2. Nf3 d6 3. d4 exd4 4. Nxd4 Nf6 5. Nc3 Be7 6. Bf4 O-O 7. Qd2 Nbd7 8. O-O-O Nc5 9. f3 c6 10. g4 Bd7 11. h4 b5 12. h5 Ne8 13. Nf5 Bxf5 14. gxf5 a5 15. Rg1 h6 16. Bxh6 Bf6 17. Bxg7 Nxg7 18. h6 1-0

[Variant "Standard"]
[Site "Europe Echecs"]

[Event "Championnat du monde jeunes U10"]
[Date "2024.11.17"]
[White "Loberti, Tommaso"]
[Black "Hung, I-Hsuan"]
[WhiteElo "1474"]
[BlackElo "1608"]
[Round "3.20"]
[Result "1/2-1/2"]
[TimeControl "5400+30"]

1. e4 e5 2. Nf3 Nc6 3. Bb5 a6 4. Ba4 Nf6 5. O-O b5 6. Bb3 Be7 7. Re1 O-O 8. c3 h6 9. d4 d6 10. h3 Bb7 11. Nbd2 Re8 12. Nf1 Bf8 13. Ng3 Na5 14. Bc2 Qd7 15. dxe5 dxe5 16. Qxd7 Nxd7 17. Bd2 Nc4 18. Bc1 g6 19. b3 Nd6 20. Bd2 Nf6 21. Nh2 Rad8 22. Rad1 1/2-1/2

[Variant "Standard"]
[Site "Europe Echecs"]

[Event "Championnat du monde jeunes U10"]
[Date "2024.11.17"]
[White "Munoz Padilla, Andres"]
[Black "Vukashinovikj, Jovan"]
[WhiteElo "1604"]
[BlackElo "1454"]
[Round "3.21"]
[Result "1-0"]
[TimeControl "5400+30"]

1. e4 e5 2. Nf3 Nf6 3. Nxe5 Nc6 4. Nxc6 dxc6 5. d3 Bc5 6. Be2 Ng4 7. Bxg4 Qh4 8. Qf3 Bxg4 9. Qg3 Qxg3 10. hxg3 Be6 11. Bf4 O-O-O 12. Nd2 f5 13. O-O-O Bxf2 14. exf5 Bd5 15. Nf3 h6 16. Rhf1 Bc5 17. Kb1 Rhe8 18. Rde1 Kb8 19. Be5 Bxf3 20. gxf3 Re7 21. Bc3 Rde8 22. Re4 Bd6 23. Bxg7 Bxg3 24. f6 Rxe4 25. fxe4 Bd6 26. f7 Rc8 27. f8=Q Bxf8 28. Rxf8 Rxf8 29. Bxf8 h5 30. Be7 Kc8 31. Kc1 Kd7 32. Bh4 Ke6 33. Kd2 Ke5 34. Ke3 1-0

[Variant "Standard"]
[Site "Europe Echecs"]

[Event "Championnat du monde jeunes U10"]
[Date "2024.11.17"]
[White "McFadden, Oisin"]
[Black "Novac, Daniil"]
[WhiteElo "1464"]
[BlackElo "1594"]
[Round "3.22"]
[Result "0-1"]
[TimeControl "5400+30"]

1. e4 Nf6 2. Nc3 d5 3. exd5 Nxd5 4. Bc4 Nxc3 5. Qf3 e6 6. dxc3 Nd7 7. Ne2 Ne5
8. Bb5+ c6 9. Qe4 Qd5 10. Qxd5 exd5 11.
Ba4 a5 12. a3 Be7 13. O-O O-O 14. Re1 Re8 15. Ng3 Bf6 16. f4 Nf3+ 17. gxf3 Rxe1+ 18. Kf2 Re7 19. Be3 Bh4 20. Bd4 Bxg3+ 21. hxg3 b5 22. Bb3 a4 23. Ba2 Bf5 24. Bb1 Rae8 25. g4 Re2+ 26. Kg3 Bxc2 27. Bxc2 Rxc2 28. f5 f6 29. Kf4 Ree2 30. Rg1 Rg2 31. Re1 Rce2 32. Rxe2 Rxe2 33. c4 bxc4 34. Bc3 c5 35. g5 d4 36. Ba5 d3 37. gxf6 gxf6 38. Kg4 d2 39. Bxd2 Rxd2 40. b4 cxb3 41. Kf4 b2 42. Ke3 Rd1 43. Ke2 b1=Q 44. Ke3 Qd3+ 45. Kf4 Rf1 46. Kg4 Qxf3+ 47. Kh4 Rh1# 0-1

[Variant "Standard"]
[Site "Europe Echecs"]

[Event "Championnat du monde jeunes U10"]
[Date "2024.11.18"]
[White "Anetov, Amirzhan"]
[Black "Shangin, Lev"]
[WhiteElo "1767"]
[BlackElo "2056"]
[Round "4.9"]
[Result "1/2-1/2"]
[TimeControl "5400+30"]

1. e4 c5 2. Nf3 d6 3. d4 cxd4 4. Nxd4 Nf6 5. Nc3 a6 6. Bc4 e6 7. Bb3 Be7 8. Bg5 Qb6 9. Be3 Qc7 10. g4 h6 11. Qe2 Nc6 12. Nxc6 bxc6 13. O-O-O d5 14. a3 Rb8 15. h4 d4 16. Bxd4 e5 17. Be3 Nxg4 18. Rhg1 h5 19. f3 Nxe3 20. Qxe3 g6 21. f4 exf4 22. Qd4 Rf8 23. Qg7 Bg4 24. Ba4 Rb5 25. Bxb5 axb5 26. Rd2 Bc5 27. Rgg2 f3 28. Rh2 Qf4 29. Nd1 Bg1 30. Rh1 Bb6 31. Qc3 Ke7 32. Qb4+ c5 33. Qxb5 Rd8 34. Rh2 Bc7 35. Qxc5+ Kf6 36. Ne3 Rxd2 37. Rxd2 Kg7 38. Nd5 Qxe4 39. Qxc7 Qe1+ 40. Rd1 Qxd1+ 41. Kxd1 f2+ 42. Kd2 f1=Q 43. Qe5+ Kh7 44. Nf6+ Kh6 45. Qe3+ Kg7 46. Nxg4 hxg4 47. Qd4+ Kh7 48. Qxg4 Qf2+ 49. Kc3 Qc5+ 50. Qc4 Qe3+ 51. Kb4 f5 52. Qf7+ Kh6 53. h5 Kxh5 54. Qd5 Kg4 55. Qg2+ Qg3 56. Qe2+ Kg5 57. c4 f4 58. Qe5+ Kg4 59. c5 Qe3 60. Qf6 g5 61. c6 Qb6+ 62. Kc4 f3 63. Qd4+ Qxd4+ 64. Kxd4 f2 65. c7 f1=Q 66. c8=Q+ Kg3 67. Qc3+ Kh4 68. Kc5 Qf8+ 69. Kb5 g4 70. a4 g3 71. Qd4+ Kh3 72. Qd7+ Kh2 73. Qc7 Qf1+ 74. Kb4 Qe1+ 75. Ka3 Qe3+ 76. b3 Kg1 77. a5 g2 78. a6 Kf2 79. Qc2+ Qe2 80. Qf5+ Ke1 81. Qa5+ Kf2 82. Qf5+ 1/2-1/2

[Variant "Standard"]
[Site "Europe Echecs"]

[Event "Championnat du monde jeunes U10"]
[Date "2024.11.18"]
[White "Mikkelsen, Anders Askjaer"]
[Black "Larion, Iustin"]
[WhiteElo "1745"]
[BlackElo "1925"]
[Round "4.13"]
[Result "1/2-1/2"]
[TimeControl "5400+30"]

1. e4 c6 2. d4 d5 3. exd5 cxd5 4. c4 e6 5. Nc3 Bb4 6. Nf3 Nf6 7. Bg5 h6 8. Bxf6 Qxf6 9. cxd5 O-O 10. Bd3 exd5 11. O-O Bxc3 12. bxc3 Bg4 13. Be2 Nd7 14. h3 Bxf3 15. Bxf3 Nb6 16. a4 Qd6 17. Rb1 Qc6 18. Qb3 Rab8 19. Rfc1 Rfd8 20. Be2 Nc4 21. Bxc4 dxc4 22. Qb5 Qc7 23. Rb4 Rdc8 24. a5 Qf4 25. Rd1 Rc6 26. Rxc4 Rg6 27. Rc5 Qf3 28. Qf1 Rxg2+ 29. Qxg2 Qxd1+ 30. Kh2 Re8 31. Qxb7 Qd2 32. Qf3 f6 33. Kg2 Qc2 34. Rc7 Re2
35. Qg3 Qe4+ 36. Kh2 g5 37. Rd7 1/2-1/2

[Variant "Standard"]
[Site "Europe Echecs"]

[Event "Championnat du monde jeunes U10"]
[Date "2024.11.18"]
[White "Aguike, Toshiya"]
[Black "Fuentes de Nova, Sebastian"]
[WhiteElo "1716"]
[BlackElo "1929"]
[Round "4.22"]
[Result "1/2-1/2"]
[TimeControl "5400+30"]

1. e4 e5 2. Nf3 Nc6 3. Bc4 Bc5 4. c3 Nf6 5. d4 exd4 6. e5 d5 7. Bb5 Ne4 8. cxd4 Bb6 9. Be3 O-O 10. Nc3 Bg4 11. h3 Bh5 12. Qc2 Bg6 13. Qb3 a6 14. Bxc6 bxc6 15. O-O Bh5 16. g4 Bg6 17. Rfd1 f5 18. Nxe4 fxe4 19. Nh2 Qh4 20. Kg2 Be8 21. Rh1 Bd7 22. Raf1 Rab8 23. Qd1 Ba7 24. b3 a5 25. f4 g6 26. Rf2 Rf7 27. Qd2 Bb6 28. f5 Qe7 29. e6 Bxe6 30. fxe6 Rxf2+ 31. Qxf2 Rf8 32. Qg3 Qxe6 33. Rf1 Rxf1 34. Nxf1 Qf6 35. g5 Qg7 36. Qf2 Qf8 37. Nh2 Qxf2+ 38. Kxf2 Kf7 39. Ng4 Ke6 40. Nf6 h5 41. Kg3 Ba7 42. Kf4 c5 43. dxc5 c6 44. Bd4 Bb8+ 45. Ke3 Kf5 46. Nh7 Bf4+ 47. Ke2 Bc7 48. a3 Kf4 49. Kf2 Kf5 50. b4 axb4 51. axb4 Bf4 52. Ke2 Bb8 53. Bf6 Kf4 54. Nf8 Kf5 55. Nd7 Bc7 56. Nb6 Ke6 57. Nc8 Bf4 58. Ne7 d4 59. Nxc6 d3+ 60. Kd1 e3 61. Nd4+ Kd5 62. Nf3 Ke4 63. Nd4 Kd5 1/2-1/2

[Variant "Standard"]
[Site "Europe Echecs"]

[Event "Championnat du monde jeunes U10"]
[Date "2024.11.18"]
[White "Liu, Liam"]
[Black "Gim, Hajin"]
[WhiteElo "1783"]
[BlackElo "1603"]
[Round "4.32"]
[Result "1-0"]
[TimeControl "5400+30"]

1. e4 c5 2. c3 Nf6 3. e5 Nd5 4. d4 cxd4 5. cxd4 d6 6. Bc4 Nb6 7. Bb3 dxe5 8. Qh5 e6 9. dxe5 Nc6 10. Nc3 Bb4 11. Ne2 Qc7 12. Bf4 Bd7 13. O-O Qd8 14. a3 Bxc3 15. Nxc3 O-O 16. Bc2 g6 17. Qh6 f6 18. Rad1 Qe7 19. exf6 Qxf6 20. Bg5 Qg7 21. Qh4 Ne5 22. Ne4 Nd5 23. Rxd5 exd5 24. Bf6 Rxf6 25. Nxf6+ Kh8 26. Nxd5 Bc6 27. Ne3 b6 28. Rd1 Nf7 29. Qd4 Qxd4 30. Rxd4 Rd8 31. Rxd8+ Nxd8 32. Bb3 Nb7 33. Bd5 Bxd5 34. Nxd5 Kg7 35. Kf1 Kf7 36. f4 Ke6 37. Ne3 Nc5 38. Ke2 Kf6 39. g3 a5 40. Nd5+ Kf5 41. Nxb6 Kg4 42. Nc4 a4 43. Kf2 Kh3 44. Kg1 Nd3 45. Kf1 Kxh2 46. Ke2 Nc5 47. Kf3 h5 48. Ne5 Kh3 49. Nxg6 Nd3 50. f5 Nxb2 51. f6 h4 52. gxh4 1-0

[Variant "Standard"]
[Site "Europe Echecs"]

[Event "Championnat du monde jeunes U10"]
[Date "2024.11.18"]
[White "Gusev, Daniil Den"]
[Black "Lenkov, Stanislav"]
[WhiteElo "1863"]
[BlackElo "1693"]
[Round "4.36"]
[Result "1-0"]
[TimeControl "5400+30"]

1. e4 c5 2. Nf3 a6 3. Nc3 b5 4. d4 cxd4 5. Nxd4 e6 6. g3 Bb7 7. Bg2 Nf6 8. a3 Nc6 9. e5 Qb6 10. Nxc6 Bxc6 11. Bxc6 Qxc6 12. O-O Ne4 13. Nxe4 Qxe4 14. Re1 Qc6 15. Bf4 Bc5 16. Qg4 Kf8 17. Rad1 h5 18. Qh3 Qf3 19. Qg2 Qxg2+ 20. Kxg2 Ke7 21. Rd3 a5 22. Red1 Rhd8 23. h4 Ra6 24. Rc3 Rc6 25. b4 axb4 26. axb4 Bb6 27. Rxc6 dxc6 28. Ra1 Bd4 29. Ra6 Kd7 30. Ra3 Kc7 31. Rd3 Bb2 32. Rb3 Bd4 33. Kf3 Rd5 34. Rd3 Bb2 35. Ke4 Rxd3 36. Kxd3 c5 37. c4 Kc6 38. cxb5+ Kxb5 39. bxc5 Kxc5 40.
Ke4 Bd4 41. f3 Bf2 42. Be3+ Bxe3 43.
Kxe3 Kd5 44. Kf4 Kd4 45. g4 g5+ 46. Kxg5 hxg4 47. fxg4 Kxe5 48. h5 f5 49. gxf5 exf5 50. h6 f4 51. h7 f3 52. h8=Q+ Ke4 53. Qh3 Ke5
1-0

[Variant "Standard"]
[Site "Europe Echecs"]

[Event "Championnat du monde jeunes U10"]
[Date "2024.11.18"]
[White "Blekh, Erik"]
[Black "Hochman, Gur"]
[WhiteElo "1790"]
[BlackElo "1626"]
[Round "4.43"]
[Result "1-0"]
[TimeControl "5400+30"]

1. Nf3 f5 2. d3 Nc6 3. e4 e5 4. Nc3 Nf6 5. g3 Bb4 6. Bd2 d6 7. Qe2 O-O 8. Bg2 fxe4 9. Nxe4 Nxe4 10. dxe4 Bxd2+ 11. Nxd2 Nd4 12. Qd3 Qf6 13. O-O Be6 14. f4 Qe7 15. c3 Nc6 16. f5 Bc8 17. Nf3 Rd8 18. Rae1 Kh8 19. g4 Rf8 20. g5 Bd7 21. h4 h6 22. Qd2 Kh7 23. Rf2 Be8 24. Nh2 Bh5 25. Ref1 Nd8 26. Bf3 Be8 27. Ng4 h5 28. Ne3 c6 29. Qd1 Rh8
1-0

[Variant "Standard"]
[Site "Europe Echecs"]

[Event "Championnat du monde jeunes U10"]
[Date "2024.11.18"]
[White "Skouroupathis, Kyriakos"]
[Black "Thorulsley, Kairaav"]
[WhiteElo "1695"]
[BlackElo "1520"]
[Round "4.13"]
[Result "1-0"]
[TimeControl "5400+30"]

1. e4 c5 2. Nf3 d6 3. Bb5+ Nd7 4. c3 e6 5. O-O Be7 6. d4 cxd4 7. cxd4 Nf6 8. Nc3 O-O 9. Bg5 a6 10. Bd3 h6 11. Bf4 Nh5 12. Be3 Nhf6 13. h3 b5 14. e5 dxe5 15. dxe5 Nd5 16. Nxd5 exd5 17. Bc2 Bb7 18. Bb3 Nb6 19. Qd3 Nc4 20. Bc2 f5 21. exf6 Rxf6 22. Qh7+ Kf7 23. Bd4 Qh8 24. Qxh8 Rxh8 25. Bxf6 Bxf6 26. Bb3 Nxb2 27. Rab1 Nc4 28. a4 Bc6 29. axb5 axb5 30. Rfd1 Rd8 31. Nd4 Bxd4 32. Rxd4 Rd7 33. Re1 g6 34. f4 Kf6 35. g4 Bb7 36. Kf2 Bc6 37. Kf3 Rd6 38. h4 Bb7 39. g5+ hxg5 40. fxg5+ Kf5 41. Rf4# 1-0

[Variant "Standard"]
[Site "Europe Echecs"]

[Event "Championnat du monde jeunes U10"]
[Date "2024.11.19"]
[White "Sameh Mohamed, Abdalrahman"]
[Black "Advik Amit Agrawal"]
[WhiteElo "2238"]
[BlackElo "1982"]
[Round "5.1"]
[Result "1/2-1/2"]
[TimeControl "5400+30"]

1. e4 e6 2. b3 d5 3. Bb2 Nc6 4. e5 d4 5. f4 Nge7 6. Nf3 Nd5 7. g3 Bc5 8. c4 dxc3 9. Nxc3 Ndb4 10. Ne4 Bb6 11.
Qb1 Nd4 12. Nxd4 Bxd4 13. Bc3 Nc6 14.
Bg2 Bb6 15. Qc2 Qe7 16. Rd1 Bd7 17. d4 Nb4 18. Bxb4 Qxb4+ 19. Qd2 Qxd2+ 20.
Nxd2 Bxd4 21. Bxb7 Rb8 22. Be4 Ke7 23. Nf3 Bb6 24. Kf1 Bb5+ 25. Kg2 Rhd8 26. Rc1 a5 27. Bc6 Be2 28. Rc2 Bd1 29. Rb2 Bc5 30. Re1 Bb4 31. Re4 Ba3 32. Rf2 Bc5 33. Rf1 Bxf3+ 34. Kxf3 Rd3+ 35. Kg4 Rd2 36. h4 Rxa2 37. Rd1 Rd8 38. Rxd8 Kxd8 39. Ra4 Rxa4 40. bxa4 Ke7 41. Kf3 h5 42. Ke2 g6 43. Kf3 Bb6 44. Ke4 1/2-1/2

[Variant "Standard"]
[Site "Europe Echecs"]

[Event "Championnat du monde jeunes U10"]
[Date "2024.11.19"]
[White "Anand, Tsogtbileg"]
[Black "Shogdzhiev, Roman"]
[WhiteElo "1974"]
[BlackElo "2202"]
[Round "5.2"]
[Result "0-1"]
[TimeControl "5400+30"]

1. e4 c5 2. Nf3 d6 3. d4 cxd4 4. Nxd4 Nf6 5. f3 Nc6 6. c4 e6 7. Nc3 Be7 8. Be3 O-O 9. Qd2 d5 10. exd5 exd5 11. Nxc6 bxc6 12. cxd5 Nxd5 13. Nxd5 cxd5 14. Be2 Bh4+ 15. g3 Bf6 16. Rd1 Re8 17. Kf2 Be6 18. Bd4 Rb8 19. Rhe1 Bxd4+ 20. Qxd4 a5 21. a3 Qb6 22. Qxb6 Rxb6 23. Rd2 Reb8 24. Rb1 Rb3 25. Rc1 Rxb2 26. Rxb2 Rxb2 27. Rc5 Kf8 28.
Rxa5 Ke7 29. a4 Kd6 30. Ke3 g6 31. g4 g5 32. Rb5 Ra2 33. a5 Bd7 34. Rb7 Rxa5 35. Bd3 Ra3 36. Kd4 Ra4+ 37. Kc3 Be6 38. Rb2 Ke5 39. h4 gxh4 40. Bxh7 Ra3+ 41. Kb4 Rxf3 42. Rh2 Rf4+ 0-1

[Variant "Standard"]
[Site "Europe Echecs"]

[Event "Championnat du monde jeunes U10"]
[Date "2024.11.19"]
[White "Llari, Marc"]
[Black "Andre, Tomas"]
[WhiteElo "2201"]
[BlackElo "1928"]
[Round "5.3"]
[Result "1-0"]
[TimeControl "5400+30"]

1. e4 e5 2. Nf3 Nc6 3. d4 exd4 4. Nxd4 Nf6 5. Nxc6 bxc6 6. Qe2 Be7 7. e5 Nd5 8. c4 Nb6 9. Qg4 g6 10. Bh6 d5 11. Qg3 Bf8 12. Bxf8 Kxf8 13. Bd3 Kg7 14. O-O h5 15. Nd2 h4 16. Qe3 Be6 17. b3 Rh5 18. Rad1 d4 19. Qe2 Nd7 20. f4 Nc5 21. Ne4 Nxe4 22. Qxe4 c5 23. Qc6 Qf8 24. Qxc7 Rc8 25. Qa5 Bf5 26. Bxf5 gxf5 27. Rf2 Rc6 28. Qxa7 Rg6 29. Qb7 Kh7 30. b4 cxb4 31. Rxd4 Qg8 32. Rd7 h3 33. Rxf7+ Kh8 34. g3 b3 35. axb3 Qd8 36. Qf3 Rhh6 37. Qd5 Qg8 38. Kh1 Ra6 39. Rf1 Ra5 40. Qxa5 Qxf7 41. Qd5 Qc7 42. e6 Rf6 43. Ra1 Rxe6 44. Qxe6 Qb7+ 45. Qd5 1-0

[Variant "Standard"]
[Site "Europe Echecs"]

[Event "Championnat du monde jeunes U10"]
[Date "2024.11.19"]
[White "Tulegen, Ramazan"]
[Black "Kolodziejczyk, Boris"]
[WhiteElo "1818"]
[BlackElo "2115"]
[Round "5.4"]
[Result "0-1"]
[TimeControl "5400+30"]

1. e4 c5 2. Nf3 Nc6 3. d4 cxd4 4. Nxd4 Nf6 5. Nc3 e5 6. Ndb5 d6 7. Bg5 a6 8. Na3 b5 9. Bxf6 gxf6 10. Nd5 f5 11. Bxb5 axb5 12. Nxb5 Ra4 13. Nbc7+ Kd7 14. O-O Rg8 15. Qh5 Qg5 16. Qxf7+ Be7 17. g3 Qg6 18. Qxg6 hxg6 19. Nb6+ Kxc7 20. Nxa4 fxe4 21. Nc3 Nd4 22. Nxe4 Bb7 23. Rfe1 Nf3+
24. Kg2 Nxe1+ 25. Rxe1 Ra8 26. a3 Ra4 27. f3 Rd4 28. Re2 Ba6 29. Re3 d5 30. Rc3+ Kd8 31. Nf2 Rd2 32. b4 Bb5 33. Re3 Bf6 34. c3 Ra2 35. Kg1 Ra1+ 0-1

[Variant "Standard"]
[Site "Europe Echecs"]

[Event "Championnat du monde jeunes U10"]
[Date "2024.11.19"]
[White "Bolashakov, Nurali"]
[Black "Zhu, Linxi"]
[WhiteElo "2005"]
[BlackElo "2100"]
[Round "5.5"]
[Result "1-0"]
[TimeControl "5400+30"]

1. e4 c5 2. Nf3 Nc6 3. d4 cxd4 4. Nxd4 g6 5. Nc3 Bg7 6. Be3 Nf6 7. Nxc6 bxc6 8. e5 Ng8 9. Bd4 Qa5 10. e6 Nf6 11. exd7+ Bxd7 12. Bc4 O-O 13. O-O Rad8 14. Qe2 Rfe8 15. Rad1 Bf5 16. Bb3 e5 17. Be3 Qb4 18. Qa6 Ra8 19. Qxc6 Rec8 20. Qa6 Qh4 21. Nd5 Nxd5 22. Bxd5 Rab8 23. Bxa7 Rxb2 24. Bb3 Qe7 25.
Be3 Qc7 26. Qa3 e4 27. h3 h5 28. Qa6 Be5 29. Rd5 Re8 30. Rfd1 Bg7 31. Qb5 Ra8 32. Rxf5 gxf5 33. Qxf5 Rf8 34. Qxe4 Rd8 35. Rf1 Qe5 36. Qb7 Qf5 37. Bc1 Rb1 38. Bxf7+ Qxf7 39. Qxb1 Qf5 40.
Be3 Rc8 41. Qb3+ Kh8 42. c4 Qe4 43. Qd1 Qg6 44. Qd5 Rg8 45. Bd4 Bxd4 46. Qxd4+ Kh7 47. Qd5 h4 48. Re1 Rf8 49. Qe4 Qxe4 50. Rxe4 Rd8 51. Rxh4+ Kg8 52. c5 Rd1+ 53. Kh2 Rd2 54. Rc4 Rxa2 55. c6 Ra8 56. c7 Rc8 57. h4 Kg7 58. Rc6 Kh7 59. g4 Kg7 60. h5 Kh7 61. g5 Kg7 62. Kg3 Kh7 63. h6 Kh8 64. g6 Kg8 65. Rd6 1-0

[Variant "Standard"]
[Site "Europe Echecs"]

[Event "Championnat du monde jeunes U10"]
[Date "2024.11.19"]
[White "Zhang, Junyi"]
[Black "Nguyen Quang Anh"]
[WhiteElo "2061"]
[BlackElo "1889"]
[Round "5.6"]
[Result "1-0"]
[TimeControl "5400+30"]

1. e4 e6 2. d4 d5 3. e5 c5 4. c3 Nc6 5. Nf3 Qb6 6. a3 cxd4 7. cxd4 Nh6 8. Bd3 Bd7 9. Bc2 Na5 10. O-O g6 11. Nc3 Nf5 12. g4 Ne7 13. b4 Nc4 14. Bg5 h5 15. Bf6 hxg4 16. Bxh8 gxf3 17. Na4 Qc7 18. Nc5 Ng8 19. Nxd7 Qxd7 20. Re1 Qe7 21. Ba4+ Kd8 22. Qxf3 Qg5+ 23. Kh1 Ke7 24. Rac1 Rc8 25. Bb5 Qf5 26. Qg2 Rc7 27. Bxc4 dxc4 28. d5 exd5 29. Qxd5 Qd7 30. Bf6+ Ke8 31. Qxd7+ Kxd7 32. Bg5 Ke6 33.
Kg2 Kf5 34. Be3 b5 35. Rcd1 Be7 36. Rd5 Rb7 37. Bc5 Ke6 38. Red1 Nh6 39. Bxe7 Kxe7 40. Rc5 Nf5 41. Rdd5 a6 42. Rc6 Ra7 43. a4 g5 44. Kf3 Rb7 45. Kg4 Ng7 46. a5 Ne6 47. Rdd6 Nd8 48. Rc8 Rd7 49. Rxa6 Rd4+ 50. Kg3 Kd7 51. Rc5 Ne6 52. Ra7+ Ke8 53. Rc8+ Rd8 54. Rxd8+ Kxd8 55. Rxf7 c3 56. a6 c2 57. a7 Nc7 58. Rxc7 Kxc7 59. a8=Q c1=Q 60. Qa7+ Kd8 61. Qb6+ Ke8 62. Qxb5+ Kf7 63. Qd5+ Kg7 64. Kg2 Qf4 65. e6 Qxb4 66. Qxg5+ Kh7 67. Qf5+ Kg8 68. Qd5 Kh8 69. h3 Kg7 70. Qe5+ Kh7 71. e7 Qb7+ 72. Kh2 Qf3 73. Qe3 Qf6 74. e8=Q Qd6+ 75. Q8e5 1-0

[Variant "Standard"]
[Site "Europe Echecs"]